 Dungeon Crawl Stone Soup version 0.31.0-32-g396128a36d (webtiles) character file.

Game seed: 7879500195766059566

105 Marvel the Trooper (level 4, -2/41 HPs)
             Began as a Hill Orc Fighter on Mar 23, 2024.
             Was an Initiate of Beogh.
             Slain by Crazy Yiuf
             ... wielding a +2 quarterstaff of chaos
              (6 damage)
             ... while petrified by Crazy Yiuf
             ... on level 3 of the Dungeon.
             The game lasted 00:01:39 (1936 turns).

Marvel the Trooper (Hill Orc Fighter)               Turns: 1936, Time: 00:01:40

Health: -2/41      AC:  3    Str: 20    XL:     4   Next: 83%
Magic:  0/4        EV:  2    Int:  8    God:    Beogh [......]
Gold:   187        SH:  0    Dex: 10    Spells: 3/3 levels left

rFire   . . .        s - +7 falchion of Ethereal Integrity {elec, Will+}
rCold   . . .        c - +0 buckler
rNeg    + + +        b - +0 scale mail
rPois   ∞            (no helmet)
rElec   .            (no cloak)
rCorr   .            (no gloves)
SInv    .            (no boots)
Will    .....        (no amulet) Stlth
                     (no ring)
HPRegen 0.26/turn    (no ring)
MPRegen 0.09/turn

%: no passive effects
@: petrified, weak-willed, corroded, hasted
A: no striking features
a: Renounce Religion


You were on level 3 of the Dungeon.
You worshipped Beogh.
Beogh was noncommittal.
You visited 1 branch of the dungeon, and saw 3 of its levels.

You collected 187 gold pieces.

Inventory:

Hand Weapons
 a - a +0 war axe
 s - the +7 falchion of Ethereal Integrity (weapon) {elec, Will+}
   (You found it on level 3 of the Dungeon)

   Will+:     It increases your willpower.
Missiles
 n - 5 poisoned darts (quivered)
Armour
 b - a +0 scale mail (worn)
 c - a +0 buckler (worn)
Scrolls
 e - a scroll of silence {unknown}
 f - 3 scrolls of identify {unknown}
 h - a scroll of fear {unknown}
 i - 2 scrolls of teleportation {unknown}
 k - a scroll of fog {unknown}
 l - a scroll of revelation {unknown}
 m - a scroll of immolation {unknown}
 p - a scroll of poison {unknown}
 r - a scroll of vulnerability {unknown}
 u - a scroll of noise {unknown}
Potions
 d - a potion of might
 g - a potion of curing {unknown}
 j - a potion of haste {unknown}
 o - 3 potions of enlightenment {unknown}
 q - a potion of brilliance {unknown}
 t - a potion of mutation {unknown}


   Skills:
 + Level 4.3 Fighting
 * Level 1.2 Long Blades
 + Level 4.1 Axes
 + Level 3.8 Armour
 + Level 0.3 Dodging
 + Level 3.9 Shields


You had 3 spell levels left.
You didn't know any spells.
Your spell library was empty.

Dungeon Overview and Level Annotations

Branches:
Dungeon (3/15)

Altars:
Cheibriados
Xom

Annotations:
D:3 Crazy Yiuf


Message History

No target in view!
No target in view!
No target in view!
No target in view!
No target in view!
No target in view!
No target in view!
Crazy Yiuf shouts!
You open the door. You hit Crazy Yiuf.
Crazy Yiuf is moderately wounded.
Crazy Yiuf hits you with a +2 quarterstaff of chaos!
Crazy Yiuf hits you with a +2 quarterstaff of chaos.
Your willpower is stripped away!
You barely miss Crazy Yiuf.
Crazy Yiuf is moderately wounded.
Crazy Yiuf hits you with a +2 quarterstaff of chaos!
You are slowing down.
You slash Crazy Yiuf!
Crazy Yiuf is almost dead.
Crazy Yiuf hits you with a +2 quarterstaff of chaos.
Crazy Yiuf hits you with a +2 quarterstaff of chaos!
You feel your power leaking away.
You have turned to stone.
Crazy Yiuf hits you with a +2 quarterstaff of chaos.
You feel yourself speed up.
Crazy Yiuf hits you with a +2 quarterstaff of chaos.
Crazy Yiuf freezes you.
* * * LOW HITPOINT WARNING * * *
Crazy Yiuf hits you with a +2 quarterstaff of chaos.
* * * LOW HITPOINT WARNING * * *
Crazy Yiuf burns you.
Crazy Yiuf laughs, "Hah!"
Crazy Yiuf hits you with a +2 quarterstaff of chaos.
* * * LOW HITPOINT WARNING * * *
The acid corrodes you!
Crazy Yiuf hits you with a +2 quarterstaff of chaos!
* * * LOW HITPOINT WARNING * * *
Crazy Yiuf hits you with a +2 quarterstaff of chaos!
You die...

#...........................
#.........#########....##...
#........## #....##...
#..####### #....##... #).#
#.######## #..# #.# #.#####
### #.# #...+P## ###..)# #.#
#....PP####@g...# #.#
##......#..##...# #.#
##.+P.#.### ### #.# ########
###


You could see Crazy Yiuf.

Vanquished Creatures
  3 adders
  A ribbon worm (D:2)
  2 dart slugs
  7 orcs (D:3)
  3 bats
  5 endoplasms
  6 giant cockroaches
  4 goblins
  6 hobgoblins
  4 jackals (D:2)
  3 kobolds
  A quokka (D:2)
  8 ball pythons
  2 frilled lizards
  3 rats (D:1)
58 creatures vanquished.

Notes
Turn   | Place    | Note
-------+----------+-------------------------------------------
     0 | D:1      | Marvel the Hill Orc Fighter began the quest for the Orb.
     0 | D:1      | Reached XP level 1. HP: 19/19 MP: 1/1
   125 | D:1      | Reached XP level 2. HP: 26/27 MP: 2/2
   204 | D:1      | Reached XP level 3. HP: 27/33 MP: 3/3
  1092 | D:2      | Reached XP level 4. HP: 40/40 MP: 4/4
  1545 | D:3      | Found a snail-covered altar of Cheibriados.
  1595 | D:3      | Found a shimmering altar of Xom.
  1604 | D:3      | Identified the +7 falchion of Ethereal Integrity {elec,
                  | Will+}
  1618 | D:3      | Became a worshipper of Beogh the Brigand
  1809 | D:3      | Reached skill level 1 in Long Blades
  1923 | D:3      | Found a runed translucent door.
  1924 | D:3      | Noticed Crazy Yiuf
  1936 | D:3      | Slain by Crazy Yiuf

Illustrated notes

Levels and vault maps discovered:
D:1:      dpeg_arrival_leaves_temple_mockup, layout_basic, minmay_cupped
D:2:      layout_loops_cross, chequers_serial_rivers_small_b,
          chequers_serial_rivers_small_3
D:3:      layout_rooms, nzn_wu_jian_contemplation, kennysheep_slug_shrine,
          mainiacjoe_overflow_chevrons, uniq_crazy_yiuf_cottage

Skill      XL: |  1  2  3  4 |
---------------+-------------+-----
Axes           | 3 4 |  4.1
Fighting       | 4 |  4.3
Long Blades    | 1 |  1.2
Armour         | |  3.8
Dodging        | |  0.3
Shields        | |  3.9

Action                     |  1- 3 |  4- 6 || total
---------------------------+-------+-------++-------
  Melee: War axe           |    78 |    28 ||   106
         Falchion          |       |    43 ||    43
 Invoke: Convert to Beogh  |       |     1 ||     1
 Armour: Scale mail        |    57 |    61 ||   118
  Dodge: Dodged            |    34 |    33 ||    67
  Block: Buckler           |    14 |    21 ||    35
